AoeStats
← Random

Nomad

506544721Analyzed
4v4 RM · 19d ago on Sep 14, 2026· 41m 22s· 8 players
Game mode
Random Map
Map size
231×231
Population
200
Speed
Normal
Resources
Standard
Victory
Conquest
Starting age
Dark Age
Ending age
Imperial Age
RankedLock teamsTeams togetherTeam positionsShared explorationLock speedFull tech treeHidden civsTurbo modeCheats
Victory
Defeat
🇺🇸 Byzantines · United States
1675
+14
🇨🇦 Maya · Canada
1630
+16
🇺🇸 Dravidians · United States
1627
+16
🇻🇳 Lithuanians · Vietnam
1603
+18
🇨🇴 Mongols · Colombia
1750
-20
🇨🇴 Bohemians · Colombia
1635
-16
🇨🇴 Chinese · Colombia
1621
-16
🇨🇴 Jurchens · Colombia
1542
-12
VLC | Raconteur
3:02 Loom
14:06 Feudal Age
18:11 Castle Age
16:46 Fletching
18:25 Gold Mining
18:58 Bodkin Arrow
19:07 Crossbowman
20:41 Horse Collar
24:05 Padded Archer Armor
32:19 Town Watch
33:14 Wheelbarrow
33:25 Ballistics
34:38 Hand Cart
38:52 Imperial Age
37:07 Heavy Plow
39:11 Leather Archer Armor
39:50 Bracer
40:54 Chemistry
VLC | DeaH
4:30 Loom
14:07 Feudal Age
14:41 Double-Bit Axe
15:43 Town Watch
18:57 Castle Age
16:53 Fishing Lines
17:30 Gold Mining
18:36 Forging
19:55 Medium Warships
20:39 Iron Casting
20:37 Bow Saw
22:47 Wheelbarrow
26:10 Horse Collar
26:22 Stone Mining
25:59 Light Cavalry
28:31 Bloodlines
32:29 Fletching
37:01 Bodkin Arrow
38:52 Ballistics
VLC | _Sr Mike_
8:36 Loom
15:28 Feudal Age
19:02 Castle Age
17:55 Forging
20:23 Medium Warships
21:20 Double-Bit Axe
22:50 Fishing Lines
24:07 Fletching
24:51 Bow Saw
26:55 Wheelbarrow
26:57 Horse Collar
28:01 Heavy Plow
30:46 Town Watch
31:18 Hand Cart
36:57 Imperial Age
34:43 Fervor
36:28 Chemistry
35:54 Scale Mail Armor
36:28 Squires
35:49 Pikeman
38:48 Conscription
38:45 Chain Mail Armor
39:37 Halberdier
40:40 Padded Archer Armor
41:02 Ballistics
VLC | BacTi
4:26 Loom
12:34 Feudal Age
13:34 Double-Bit Axe
17:21 Fletching
25:26 Castle Age
27:43 Castle Age
29:57 Bow Saw
busy pushing deer
12:11 Feudal Age
12:50 Double-Bit Axe
13:18 Gold Mining
19:44 Wheelbarrow
21:22 Fishing Lines
24:48 Castle Age
25:41 Medium Warships
25:03 Demolition Ship
25:58 Bow Saw
27:44 Siphons
27:50 Clinker Construction
30:53 Careening
31:40 Gillnets
31:38 Horse Collar
31:46 Loom
34:59 Gold Shaft Mining
34:15 Stone Mining
38:27 Imperial Age
36:09 Fletching
36:47 Ballistics
35:49 Crossbowman
37:52 Thumb Ring
39:10 Bodkin Arrow
40:23 Chemistry
38:52 Arbalester
39:58 Bracer
39:38 Elite Skirmisher
40:21 Padded Archer Armor
ノルフ
6:58 Loom
7:35 Loom
12:40 Feudal Age
13:14 Feudal Age
17:16 Castle Age
16:21 Double-Bit Axe
16:24 Horse Collar
27:30 Sanctity
27:35 Town Watch
38:14 Imperial Age
36:17 Bow Saw
36:52 Heavy Plow
37:53 Fletching
38:50 Bodkin Arrow
40:33 Padded Archer Armor
41:30 Ballistics
Random
4:09 Loom
12:35 Feudal Age
13:07 Double-Bit Axe
14:56 Forging
15:40 Scale Mail Armor
20:47 Castle Age
21:59 Medium Warships
25:49 Bow Saw
26:30 Horse Collar
29:00 Heavy Plow
29:31 Fishing Lines
31:45 Wheelbarrow
30:55 Town Watch
31:03 Gillnets
37:11 Imperial Age
35:16 Fletching
35:27 Padded Archer Armor
36:21 Bodkin Arrow
38:06 Leather Archer Armor
38:13 Ballistics
37:44 Gold Mining
40:23 Bracer
41:24 Chemistry
41:57 Husbandry
Viet Nam Strategy
10:16 Loom
14:19 Feudal Age
15:40 Double-Bit Axe
19:57 Castle Age
18:22 Scale Barding Armor
18:28 Forging
20:07 Bloodlines
20:10 Gold Mining
21:07 Wheelbarrow
21:05 Bow Saw
21:22 Husbandry
23:48 Town Watch
24:45 Hand Cart
28:00 Chain Barding Armor
37:25 Imperial Age
36:09 Iron Casting
35:18 Horse Collar
38:07 Town Patrol
38:43 Plate Barding Armor
37:30 Cavalier
39:04 Conscription
39:01 Paladin
41:44 Two-Man Saw
Connection lost

Rejoining the realm…

Still unreachable

The connection could not be restored.

Session expired

The server has moved on; the page needs a fresh start.